 Dungeon Crawl Stone Soup version 0.30.1-4-g462c640d31 (webtiles) character file.

Game seed: 6925876100288500371

6 spardeous the Magician (level 2, 0/21 HPs)
             Began as a Djinni Conjurer on Sept 2, 2023.
             Slain by a jackal (1 damage)
             ... on level 1 of the Dungeon.
             The game lasted 00:00:30 (103 turns).

spardeous the Magician (Djinni Conjurer)             Turns: 103, Time: 00:00:31

Health: 0/21       AC:  2    Str:  5 (6)  XL:     2   Next: 0%
Gold:   12         EV: 12    Int: 16 (19) God:
                   SH:  0    Dex:  8 (11)

rFire   + + +        (no weapon)
rCold   . . .        (no shield)
rNeg    . . .        a - +0 robe
rPois   ∞            (no helmet)
rElec   +            (no cloak)
rCorr   +            (no gloves)
SInv    .            (boots unavailable)
Will    .....        (no amulet)
Stlth   +            (no ring)
HPRegen 0.23/turn    (no ring)
MPRegen 0.00/turn

%: infuse magic (-1 HP)
@: resistant, flying
A: sickness immunity, fire resistance 2, cold vulnerability 1, float, innate
caster, HP casting, extra vitality 1
a: no special abilities


You were on level 1 of the Dungeon.
You visited 1 branch of the dungeon, and saw 1 of its levels.

You collected 12 gold pieces.

Inventory:

Armour
 a - a +0 robe (worn)


   Skills:
 - Level 2.1 Dodging
 - Level 1.5 Stealth
 + Level 3.5 Spellcasting


You knew the following spells:

 Your Spells              Type           Power      Damage    Failure   Level
a - Magic Dart            Conj           56%        1d5       4%          1
b - Searing Ray           Conj           28%        2d5       6%          2
c - Dazzling Flash        Conj/Hex       28%        N/A       12%         3
d - Fulminant Prism       Conj/Hex       7%         3d7       38%         4
e - Iskenderun's Mystic   Conj/Tloc      14%        2d5       38%         4
Your spell library was empty.

Dungeon Overview and Level Annotations

Branches:
Dungeon (1/15)

Altars:


Innate Abilities, Weirdness & Mutations

You are immune to sickness and miasma.
You are immune to poison.
Your flesh is very heat resistant. (rF++)
You are vulnerable to cold. (rC-)
You float through the air rather than walking.
You learn spells naturally, not from books.
Your magical power is your life essence.
You have superior vitality. (+4 MHP)


Message History

Unknown command.
The jackal closely misses you. The jackal barely misses you.
There are monsters nearby!
Casting: Magic Dart (safe; 4% risk of failure)
Confirm with . or Enter, or press ? or * to list all spells.
Aiming: Magic Dart (safe; 4% risk of failure)
Press: ? - help, Shift-Dir - straight line, f/p - jackal
Aim: a jackal (severely wounded, 100% to hit)
The magic dart hits the jackal.
You kill the jackal!
* * * LOW HITPOINT WARNING * * *
You have reached level 2!
You take 1 damage, and have 1/21 hp.
The jackal closely misses you. The jackal attacks as you move away!
The jackal barely misses you. The jackal attacks as you move away!
The jackal bites you but does no damage.
The jackal closely misses you.
A jackal is nearby!
Casting: Magic Dart (safe; 4% risk of failure)
Confirm with . or Enter, or press ? or * to list all spells.
Aiming: Magic Dart (safe; 4% risk of failure)
Press: ? - help, Shift-Dir - straight line, f - jackal
Aim: a jackal (100% to hit)
The magic dart hits the jackal.
The jackal is heavily wounded.
* * * LOW HITPOINT WARNING * * *
The jackal misses you.
A jackal is nearby!
Casting: Magic Dart (safe; 4% risk of failure)
Confirm with . or Enter, or press ? or * to list all spells.
Aiming: Magic Dart (safe; 4% risk of failure)
Press: ? - help, Shift-Dir - straight line, f/p - jackal
Aim: a jackal (heavily wounded, 100% to hit)
The magic dart hits the jackal.
The jackal is almost dead.
* * * LOW HITPOINT WARNING * * *
The jackal bites you.
You die...

...#..<..#...##
##...###...## #####
##...## .. ##...##
#.######...## #
#........#..# ##.
#.##...#.##.# #.#..##
.#..#.##.###..#.#
.....
.......@h.......#
#.†###########..#####
#†.## ##..## ##.h##
##..## ##..## ##..##
##..###..## .
##..#..## #.. ##...##
#..#...#


You could see a jackal.

Vanquished Creatures
  An endoplasm (D:1)
  3 jackals (D:1)
  A rat (D:1)
5 creatures vanquished.

Notes
Turn   | Place    | Note
-------+----------+-------------------------------------------
     0 | D:1      | spardeous the Djinni Conjurer began the quest for the Orb.
     0 | D:1      | spardeous set off with the following spells memorised:
                  | Magic Dart, Searing Ray, Dazzling Flash, Fulminant Prism,
                  | Iskenderun's Mystic Blast.
     0 | D:1      | Reached XP level 1. HP: 15/15 MP: 0/0
    97 | D:1      | Reached XP level 2. HP: 1/21 MP: 0/0
   103 | D:1      | Slain by a jackal

Illustrated notes

Levels and vault maps discovered:
D:1:      dpeg_chamrin_arrival_tetris, layout_basic, serial_shops, shop, shop,
          shop, shop, nicolae_shop_behind_doors, minmay_misc_feat_ornament,
          serial_bayou_pond_c

Action                     || total
---------------------------++-------
   Cast: Magic Dart        ||    21
    Use: Potion            ||     2
 Armour: Robe              ||     3
  Dodge: Dodged            ||    14
